AoeStats
← Ragnar

Nomad

510311580Analyzed
4v4 RM · 3d ago on Sep 30, 2026· 22m 42s· 8 players
Game mode
Random Map
Map size
231×231
Population
200
Speed
Normal
Resources
Standard
Victory
Conquest
Starting age
Dark Age
Ending age
Imperial Age
RankedLock teamsTeams togetherTeam positionsShared explorationLock speedFull tech treeHidden civsTurbo modeCheats
Victory
Defeat
🇨🇳 Chinese · China
1099
+16
🇨🇳 Goths · China
1090
+16
🇨🇳 Varangians · China
1086
+16
🇨🇳 Bengalis · China
1086
+16
🇸🇪 Teutons · Sweden
1123
-17
🇵🇱 Byzantines · Poland
1121
-17
🇻🇳 Celts · Vietnam
1076
-15
🇨🇳 Varangians · China
1061
-15
Ragnar
12:43 Loom
14:32 Feudal Age
20:17 Double-Bit Axe
110
6:19 Loom
15:51 Feudal Age
21:42 Castle Age
19:32 Horse Collar
19:44 Double-Bit Axe
20:43 Bloodlines
21:41 Gold Mining
21:42 Stone Mining
22:06 Town Watch
22:53 Husbandry
23:17 Heavy Plow
美团外卖总教练
3:33 Loom
15:05 Feudal Age
16:33 Wheelbarrow
15:45 Double-Bit Axe
15:51 Fishing Lines
21:58 Gold Mining
22:00 Stone Mining
24:41 Castle Age
lukam
4:11 Loom
14:25 Feudal Age
16:07 Double-Bit Axe
18:28 Town Watch
18:34 Fishing Lines
23:38 Castle Age
21:43 Horse Collar
22:23 Padded Archer Armor
tiwaz55
3:41 Loom
15:46 Feudal Age
17:19 Fishing Lines
20:34 Castle Age
18:39 Double-Bit Axe
18:59 Fishing Lines
19:17 Horse Collar
19:51 Stone Mining
Daboss
5:34 Loom
14:25 Feudal Age
15:35 Double-Bit Axe
16:41 Fishing Lines
19:17 Horse Collar
24:19 Castle Age
22:39 Bloodlines
King Bourbon
3:18 Loom
15:09 Feudal Age
20:40 Castle Age
19:22 Stone Mining
bthi68153
6:19 Loom
17:00 Feudal Age
Connection lost

Rejoining the realm…

Still unreachable

The connection could not be restored.

Session expired

The server has moved on; the page needs a fresh start.